 Dungeon Crawl Stone Soup version 0.18-a0-27-g1f73fa3 (webtiles) character file.

28613 Ordine the Eclecticist (level 13, -5/63 HPs)
             Began as a Deep Elf Wizard on Nov 4, 2015.
             Was a High Priest of Vehumet.
             Slain by a spiny frog (13 damage)
             ... on level 5 of the Lair of Beasts.
             The game lasted 01:50:06 (24516 turns).

Ordine the Eclecticist (Deep Elf Wizard)           Turns: 24516, Time: 01:50:07

Health: -5/63      AC: 11    Str:  4    XL:     13   Next: 10%
Magic:  22/34      EV: 17    Int: 32    God:    Vehumet [*****.]
Gold:   307        SH:  0    Dex: 13    Spells: 9 memorised, 18 levels left

rFire  . . .     SeeInvis +     j - +0 quick blade
rCold  . . .     Clarity  .     o - +2 robe {MR+}
rNeg   . . .     SustAt   .     (no shield)
rPois  .         Gourm    .     K - +1 hat
rElec  .         Spirit   .     n - +1 cloak
rCorr  .         Warding  .     v - +2 pair of gloves
rMut   +         Stasis   .     d - +0 pair of boots
MR     ++...                    E - amulet of resist mutation
Stlth  ++........               P - +3 ring of intelligence
                                r - ring of see invisible

@: repel missiles, very resistant to hostile enchantments, unstealthy
A: no striking features
a: Renounce Religion


You were on level 5 of the Lair of Beasts.
You worshipped Vehumet.
Vehumet was extremely pleased with you.
You were hungry.

You visited 4 branches of the dungeon, and saw 17 of its levels.

You collected 984 gold pieces.
You spent 677 gold pieces at shops.

Inventory:

Hand Weapons
 j - a +0 quick blade (weapon)
Armour
 d - a +0 pair of boots (worn)
 n - a +1 cloak (worn)
 o - a +2 robe of magic resistance (worn)
 v - a +2 pair of gloves (worn)
 K - a +1 hat (worn)
Magical Staves
 e - an uncursed staff of summoning
Jewellery
 r - a ring of see invisible (left hand)
 y - an uncursed ring of wizardry
 B - an uncursed ring of protection from fire
 E - an amulet of resist mutation (around neck)
 P - a +3 ring of intelligence (right hand)
Wands
 c - a wand of teleportation (5)
Scrolls
 k - 2 scrolls of enchant weapon
 m - a scroll of acquirement {unknown}
 u - 6 scrolls of magic mapping
 z - 5 scrolls of remove curse
 H - 2 scrolls of fear
 I - a scroll of summoning
Potions
 b - a potion of invisibility
 f - 2 potions of agility
 h - a potion of heal wounds {unknown}
 i - 4 potions of magic
 l - 2 potions of curing
Miscellaneous
 O - a fan of gales
Comestibles
 a - a meat ration
 C - 5 slices of pizza


   Skills:
 + Level 5.1(5.3) Short Blades
   Level 2.0(3.5) Long Blades
 - Level 10.0 Dodging
 - Level 2.4 Stealth
 * Level 15.3 Spellcasting
 + Level 10.0 Conjurations
 - Level 7.0 Charms
   Level 1.1 Summonings
 - Level 3.4 Translocations
 + Level 9.0 Fire Magic
 + Level 8.2 Air Magic
 + Level 4.1 Evocations


You had 18 spell levels left.
You knew the following spells:

 Your Spells              Type           Power        Failure   Level  Hunger
a - Magic Dart            Conj           ####         1%          1    None
b - Fireball              Conj/Fire      ######....   1%          5    None
c - Sticky Flame          Conj/Fire      ######..     1%          4    None
d - Blink                 Tloc           N/A          1%          2    None
e - Mephitic Cloud        Conj/Pois/Air  ######..     1%          3    None
f - Ignite Poison         Fire/Trmt/Pois #####...     1%          3    None
g - Conjure Flame         Conj/Fire      ######..     1%          3    None
h - Apportation           Tloc           #####.....   1%          1    None
i - Repel Missiles        Chrm/Air       ######       1%          2    None


Dungeon Overview and Level Annotations

Branches:
Dungeon (10/15)            Temple (1/1) D:7            Lair (5/8) D:9
    Orc (1/4) D:10
  Swamp: Lair:3-6    Shoals: Lair:3-6     Snake: Lair:3-6    Spider: Lair:3-6

Altars:
Ashenzari
Cheibriados
Dithmenos
Elyvilon
Fedhas
Gozag
Kikubaaqudgha
Makhleb
Nemelex Xobeh
Okawaru
Qazlal
Ru
Sif Muna
Trog
Vehumet
Xom
Yredelemnul
Zin
The Shining One

Shops:
D:5 (=!*:   D:9 *   Orc:1 }


Message History

Aim: a spiny frog (moderately wounded)
The sticky flame hits the spiny frog.
The spiny frog appears unharmed.
The spiny frog is moderately wounded.
The spiny frog is covered in liquid flames!
The spiny frog burns!
The spiny frog completely misses you.
You hit the spiny frog but do no damage.
The spiny frog is heavily wounded.
The spiny frog burns!
The spiny frog stings you!
You hit the spiny frog but do no damage.
The spiny frog is severely wounded.
You hit the spiny frog.
The spiny frog is severely wounded.
The spiny frog burns!
The spiny frog closely misses you.
Drink which item? (? for menu, Esc to quit)
Magic courses through your body.
The spiny frog burns!
The spiny frog stops burning.
The spiny frog stings you!!
* * * LOW HITPOINT WARNING * * *
Drink which item? (? for menu, Esc to quit)
You feel better. The spiny frog stings you!
You die...

.......###.
##.......#.. ....
#............## ##...
.............# #...#
###........#...###....
#.......# #...#.#P....
#.P.....####...## #...
#...@..#.##....###..#
##..F....#....#......
#...............†...#
##......###.........#
###.......##...###...#
#....P...###...###....
#...P....#.....###...
##............## #...
#............## ##...


You could see a spiny frog.

Vanquished Creatures
  Snorg (Lair:3)
  Harold (Lair:2)
  A hydra (Lair:3)
  Erica (D:10)
  A catoblepas (Lair:5)
  The ghost of emikaela the Magus, a journeyman SpSk of Nemelex Xobeh (Lair:2)
  Pikel (D:3)
  An oklob plant (Lair:3)
  4 black mambas
  4 komodo dragons
  2 fire drakes
  A polar bear (Lair:4)
  5 spiny frogs
  Prince Ribbit (Lair:2)
  5 blink frogs
  40 yaks
  Sigmund (D:5)
  4 wyverns
  A human (D:7)
  A hungry ghost (D:8)
  9 hippogriffs
  2 spriggans (Lair:1)
  A basilisk (Lair:4)
  Menkaure (D:7)
  12 wolves
  A soldier ant (D:10)
  8 water moccasins
  4 orc warriors
  8 porcupines
  2 black bears
  2 slaves (D:4)
  7 ogres
  A phantom (D:9)
  A necrophage (D:5)
  3 sky beasts
  12 crocodiles
  5 centaurs
  Blork the orc (D:5)
  A big kobold (D:8)
  15 giant frogs
  2 scorpions
  A quasit (D:10)
  An electric eel (Lair:2)
  3 crimson imps
  2 giant frog zombies (D:5)
  4 jellies
  3 orc priests
  A gnoll shaman (D:7)
  Jessica (D:3)
  A centaur skeleton (D:7)
  3 giant frog skeletons
  6 iguanas
  2 hell rats
  3 hounds
  11 orc wizards
  23 sheep
  4 worker ants
  3 hound zombies
  2 worker ant zombies
  A hound skeleton (D:9)
  17 gnolls
  15 adders
  23 river rats
  4 shadow imps
  2 oozes
  2 adder skeletons
  An adder zombie (D:6)
  5 worms
  5 giant geckos
  69 orcs
  4 giant cockroaches
  13 goblins
  11 hobgoblins
  4 jackals (D:4)
  6 quokkas
  9 bats
  8 giant newts
  15 kobolds
  A quokka skeleton (D:3)
  14 rats
  A bush (Lair:3)
  5 fungi
  3 plants
487 creatures vanquished.

Vanquished Creatures (others)
  An ice beast (D:5)
  6 fungi
  14 plants
21 creatures vanquished.

Grand Total: 508 creatures vanquished

Notes
Turn   | Place    | Note
--------------------------------------------------------------
     0 | D:1      | Ordine the Deep Elf Wizard began the quest for the Orb.
     0 | D:1      | Reached XP level 1. HP: 10/10 MP: 7/7
    12 | D:1      | Noticed an electric eel
   176 | D:1      | Reached XP level 2. HP: 15/15 MP: 3/9
   257 | D:1      | Learned a level 2 spell: Blink
   505 | D:1      | Reached XP level 3. HP: 19/19 MP: 9/11
   510 | D:1      | Learned a level 3 spell: Conjure Flame
   514 | D:1      | Learned a level 3 spell: Mephitic Cloud
   517 | D:1      | Learned a level 2 spell: Repel Missiles
  1015 | D:2      | Reached skill level 5 in Spellcasting
  1362 | D:2      | Found a shattered altar of Ashenzari.
  1436 | D:2      | Reached XP level 4. HP: 24/24 MP: 8/13
  1828 | D:3      | Noticed Jessica
  1842 | D:3      | Killed Jessica
  1843 | D:3      | Found an opulent altar of Gozag.
  2372 | D:3      | Reached XP level 5. HP: 28/28 MP: 10/15
  2568 | D:3      | Reached skill level 1 in Fire Magic
  2568 | D:3      | Reached skill level 1 in Air Magic
  2813 | D:3      | Reached skill level 6 in Spellcasting
  2825 | D:3      | Reached XP level 6. HP: 22/32 MP: 0/17
  3223 | D:4      | Found an iron altar of Okawaru.
  3796 | D:4      | Noticed Pikel
  4735 | D:4      | Reached XP level 7. HP: 36/36 MP: 3/19
  5550 | D:3      | Killed Pikel
  5550 | D:3      | Reached skill level 7 in Spellcasting
  5550 | D:3      | Reached skill level 5 in Conjurations
  5550 | D:3      | Reached XP level 8. HP: 23/41 MP: 0/21
  5733 | D:5      | Entered Level 5 of the Dungeon
  5737 | D:5      | Got a pitted falchion
  5769 | D:5      | Found Ynygoapt's Weapon Boutique.
  5776 | D:5      | Found Woxitoq's Jewellery Shoppe.
  5798 | D:5      | Bought a +3 ring of intelligence for 157 gold pieces
  5871 | D:5      | Found a basalt altar of Yredelemnul.
  5884 | D:5      | Reached skill level 8 in Spellcasting
  5957 | D:5      | Noticed a profane servitor
  5977 | D:5      | Noticed Sigmund
  5992 | D:5      | Killed Sigmund
  5992 | D:5      | Reached skill level 1 in Charms
  6137 | D:5      | Noticed Blork the orc
  6139 | D:5      | Found Benunwi's Assorted Antiques.
  6152 | D:5      | Killed Blork the orc
  6152 | D:5      | Reached skill level 5 in Dodging
  6256 | D:5      | Bought a viscous green potion for 23 gold pieces
  6269 | D:5      | Found Umill's Book Emporium.
  6369 | D:5      | Found a snail-covered altar of Cheibriados.
  6404 | D:5      | Found Kapruwug's Distillery.
  6583 | D:5      | Bought a potion of curing for 42 gold pieces
  6782 | D:5      | Found a glowing golden altar of the Shining One.
  6796 | D:5      | Noticed an angel
  6832 | D:6      | Reached skill level 9 in Spellcasting
  7659 | D:6      | Reached XP level 9. HP: 45/45 MP: 18/24
  8053 | D:6      | Found a sacrificial altar of Ru.
  8070 | D:6      | Found a shadowy altar of Dithmenos.
  8118 | D:6      | Found a blossoming altar of Fedhas.
  8198 | D:7      | Found a radiant altar of Vehumet.
  8201 | D:7      | Found an ancient bone altar of Kikubaaqudgha.
  8201 | D:7      | Found a deep blue altar of Sif Muna.
  8206 | D:7      | Identified Vehumet's Handbook of Conjuration
  8208 | D:7      | Became a worshipper of Vehumet
  8218 | D:7      | Identified Sif Muna's Handbook of the Traveller
  8221 | D:7      | Learned a level 1 spell: Apportation
  8230 | D:7      | Identified Kikubaaqudgha's Compendium of Dark Secrets
  8275 | D:7      | Found a staircase to the Ecumenical Temple.
  8322 | Temple   | Entered the Ecumenical Temple
  8977 | D:7      | Found a bloodstained altar of Trog.
  9170 | D:7      | Found a snail-covered altar of Cheibriados.
  9437 | D:7      | Noticed Menkaure
  9447 | D:7      | Killed Menkaure
  9447 | D:7      | Reached skill level 10 in Spellcasting
  9723 | D:7      | Reached * piety under Vehumet
  9723 | D:7      | Offered knowledge of Sandblast by Vehumet.
  9748 | D:7      | Reached skill level 5 in Fire Magic
 10936 | D:8      | Reached skill level 5 in Charms
 11133 | D:8      | Reached skill level 5 in Air Magic
 11333 | D:8      | Reached XP level 10. HP: 50/50 MP: 7/26
 12132 | D:8      | Reached skill level 11 in Spellcasting
 12383 | D:8      | Reached ** piety under Vehumet
 12383 | D:8      | Offered knowledge of Shock by Vehumet.
 12840 | D:8      | Identified the +11 falchion of Doom {vamp, Dex+4} (You found it on level 5 of the Dungeon)
 13631 | D:9      | Found a staircase to the Lair.
 13655 | D:9      | Found Oplatzej's Demolitions Depot.
 14239 | D:9      | Offered knowledge of Ignite Poison by Vehumet.
 14320 | D:9      | Learned a level 3 spell: Ignite Poison
 14367 | D:9      | Reached skill level 1 in Long Blades
 14474 | D:10     | Entered Level 10 of the Dungeon
 14565 | D:10     | Found a staircase to the Orcish Mines.
 14726 | D:10     | Reached *** piety under Vehumet
 15264 | D:10     | Noticed Erica
 15282 | D:10     | Killed Erica
 15282 | D:10     | Reached skill level 12 in Spellcasting
 15697 | Lair:1   | Entered Level 1 of the Lair of Beasts
 16271 | Lair:1   | Reached XP level 11. HP: 14/54 MP: 17/29
 16961 | Lair:1   | Reached skill level 1 in Short Blades
 17429 | Orc:1    | Entered Level 1 of the Orcish Mines
 17429 | Orc:1    | Found Geidenko's Gadget Emporium.
 17440 | Orc:1    | Offered knowledge of Fulminant Prism by Vehumet.
 17982 | D:9      | Bought a book of Flames for 455 gold pieces
 18076 | D:9      | Learned a level 5 spell: Fireball
 18081 | D:9      | Learned a level 4 spell: Sticky Flame
 18205 | Lair:1   | Found a basalt altar of Yredelemnul.
 18525 | Lair:2   | Reached **** piety under Vehumet
 18541 | Lair:2   | Offered knowledge of Olgreb's Toxic Radiance by Vehumet.
 18663 | Lair:2   | Noticed emikaela's ghost (journeyman SpSk)
 18666 | Lair:2   | Killed emikaela's ghost
 18666 | Lair:2   | Reached skill level 13 in Spellcasting
 18758 | Lair:2   | Noticed Prince Ribbit
 18886 | Lair:2   | Killed Prince Ribbit
 19014 | Lair:2   | Noticed Harold
 20484 | Lair:2   | Killed Harold
 20484 | Lair:2   | Reached XP level 12. HP: 54/59 MP: 4/31
 20614 | Lair:2   | Reached skill level 14 in Spellcasting
 21030 | Lair:3   | Reached skill level 1 in Evocations
 21443 | Lair:3   | Noticed a seven-headed hydra
 21445 | Lair:3   | Noticed Snorg
 21450 | Lair:3   | Killed a seven-headed hydra
 21451 | Lair:3   | Killed Snorg
 21791 | Lair:3   | Reached ***** piety under Vehumet
 21895 | Lair:3   | Offered knowledge of Ozocubu's Refrigeration by Vehumet.
 22055 | Lair:3   | Found a bloodstained altar of Trog.
 22734 | Lair:4   | Reached skill level 15 in Spellcasting
 23286 | Lair:4   | Reached skill level 10 in Dodging
 24129 | Lair:5   | Reached XP level 13. HP: 63/63 MP: 22/34
 24248 | Lair:5   | Reached skill level 5 in Short Blades
 24499 | Lair:5   | Reached skill level 10 in Conjurations
 24515 | Lair:5   | HP: 2/63 [spiny frog (18)]
 24516 | Lair:5   | Slain by a spiny frog

Vault maps used:
D:1:      arrival_aquarium_a, hangedman_decor_growths
D:2:      lemuel_doored_altar
D:3:      grunt_gozag_breadcrumbs, uniq_jessica
D:4:      okawaru_ov_weapons_minmay, first_bread, minmay_misc_feat_iff,
          uniq_pikel
D:5:      grunt_temple_overflow_holy_war, serial_shops, shop,
          kennysheep_mini_moat, shop, nicolae_shop_competitors_out_of_business,
          shop, cheibriados_altar_1, uniq_blork_the_orc, uniq_sigmund
D:6:      minitemple
D:7:      grunt_temple_overflow_magic_moments, kennysheep_mini,
          minmay_temple_entry_statues_pillars, basic_altar, grunt_livestock,
          uniq_menkaure
D:9:      dpeg_lair_monsters, nicolae_blasting_shop
D:10:     david_orc_2, hangedman_decor_diamond_cutter, uniq_erica
Temple:   circular_temple_6
Lair:1:   wad_woods_stonehenge, infiniplex_staircase_pool, lemuel_fruit_fields
Lair:2:   serial_bayou_lagoon_a, st_stairs_11, uniq_prince_ribbit2, uniq_harold
Lair:3:   lemuel_oklob_altar, uniq_snorg
Lair:4:   minivault_19, minmay_holes
Lair:5:   minmay_snake_entry_six_corridors, serial_bayou_shore_b
Orc:1:    serial_shops, shop_statue

Action                   |  1- 3 |  4- 6 |  7- 9 | 10-12 | 13-15 || total
-------------------------+-------+-------+-------+-------+-------++-------
Melee: Dagger            |    10 |     9 |    14 |    10 |       ||    43
       Falchion          |       |       |       |    22 |       ||    22
       Quick blade       |       |       |       |    36 |     3 ||    39
 Cast: Magic Dart        |    87 |   225 |   522 |   527 |       ||  1361
       Repel Missiles    |     2 |       |     1 |     3 |       ||     6
       Mephitic Cloud    |       |     5 |     7 |    48 |       ||    60
       Conjure Flame     |       |     2 |    19 |    11 |       ||    32
       Blink             |       |     1 |    19 |     6 |     3 ||    29
       Ignite Poison     |       |       |       |    32 |       ||    32
       Fireball          |       |       |       |   141 |    11 ||   152
       Sticky Flame      |       |       |       |    36 |    10 ||    46
Evoke: Wand              |       |       |       |     1 |       ||     1
  Use: Scroll            |     5 |     7 |     6 |    11 |       ||    29
       Potion            |       |       |     3 |     3 |     4 ||    10
 Stab: Confused          |       |       |     1 |       |       ||     1
  Eat: Chunk             |     1 |    10 |    18 |    35 |       ||    64
       Pizza             |       |       |     1 |     2 |       ||     3
       Meat ration       |       |       |       |     1 |       ||     1
       Fruit             |       |       |       |     2 |       ||     2
